Map: Catalyst LE

Players

Dayshi

  • Race: Terran Terran
  • Spawn Location: 11:00

Snute - Winner!

  • Race: Zerg Zerg
  • Spawn Location: 5:00

Event: IEM Season 12 - Katowice

VOD

Have the link to the VOD?

Description

Time

  • Played on: Feb. 27, 2018, 7:39 a.m.
  • Length: 8:08

All games in this series

Show
View Real Time Build Order
Export as new Build Order

Dayshi Terran 

Build Orders: Gas First Reaper Expand, Reaper Expand, Mech 

Get SALT Encoding   

  12  0:00  SCV  
  13  0:12  SCV  
  14  0:17  Supply Depot  
  14  0:24  SCV  
  14  0:27  Refinery  
  15  0:39  SCV  
  16  0:45  Barracks  
  16  0:51  SCV  
  17  1:03  SCV  
  18  1:15  SCV  
  19  1:31  Reaper  
  19  1:32  Orbital Command  
  20  1:43  Command Center  
  20  1:57  Factory  
  20  1:59  SCV  
  21  2:09  Barracks Reactor  
  21  2:12  SCV  
  21  2:13  Supply Depot  
  22  2:19  Refinery  
  22  2:24  SCV  
  23  2:30  Engineering Bay  
  23  2:37  SCV  
  24  2:49  SCV  
  25  2:51  Starport  
  25  2:55  Orbital Command  
  25  3:00  Hellion  
  25  3:04  Hellion  
  29  3:07  SCV  
  29  3:10  Barracks Tech Lab  
  30  3:19  SCV  
  31  3:21  SCV  
  32  3:29  Viking  
  32  3:32  SCV  
  35  3:40  Hellion x2  
  39  3:41  SCV  
  39  3:45  SCV  
  39  3:46  Supply Depot, Marauder  
  42  3:53  SCV  
  43  3:57  SCV  
  44  4:04  Medivac  
  44  4:07  SCV  
  44  4:09  Supply Depot, SCV  
  48  4:11  Marauder  
  48  4:13  Hellion  
  48  4:14  Hellion  
  54  4:17  Liberator  
  54  4:30  SCV x2  
  56  4:37  Command Center  
  59  4:42  SCV x2  
  59  4:44  Armory  
  61  4:53  Supply Depot  
  61  4:54  Supply Depot, SCV  
  61  4:58  Refinery  
  62  5:00  Liberator, Refinery  
  62  5:10  SCV  
  62  5:11  SCV, Hellion x2  
  71  5:23  SCV  
  71  5:25  SCV  
  73  5:32  Hellion x2  
  73  5:35  SCV  
  78  5:39  SCV  
  78  5:42  Barracks Tech Lab  
  79  5:46  Factory  
  79  5:47  SCV, Factory  
  80  5:51  SCV  
  80  5:55  Orbital Command  
  77  6:00  Hellion x2  
  76  6:05  SCV x2  
  76  6:08  Marauder  
  76  6:09  Starport Reactor  
  76  6:10  Starport Tech Lab  
  75  6:21  Hellion  
  75  6:22  Hellion  
  69  6:32  Banshee  
  46  6:42  Siege Tank  
  46  6:44  SCV  
  47  7:04  Hellion  
  39  7:21  Hellion  
  39  7:22  Banshee  
  23  7:35  SCV  
Show
View Real Time Build Order
Export as new Build Order

Snute Zerg - Winner!

Build Orders: Pool First 

Get SALT Encoding   

  12  0:00  Drone  
  13  0:12  Overlord  
  13  0:16  Drone  
  14  0:30  Drone x2  
  14  0:34  Drone  
  17  0:44  Spawning Pool  
  17  0:48  Drone  
  17  1:08  Hatchery  
  17  1:10  Drone  
  17  1:14  Drone  
  17  1:16  Extractor  
  17  1:18  Drone  
  18  1:30  Queen  
  18  1:32  Zergling x2  
  21  1:38  Overlord  
  21  1:49  Drone  
  22  1:59  Drone  
  23  2:06  Queen  
  25  2:10  Drone  
  26  2:15  Metabolic Boost  
  26  2:20  Drone  
  26  2:21  Queen  
  29  2:23  Drone  
  30  2:31  Drone, Overlord  
  31  2:37  Drone x2  
  31  2:38  Drone  
  31  2:42  Drone  
  35  2:44  Drone  
  35  2:50  Queen  
  38  2:54  Drone  
  38  2:57  Overlord  
  39  3:09  Zergling x2  
  39  3:10  Zergling x2  
  39  3:11  Drone  
  39  3:12  Drone x2  
  44  3:16  Drone x3  
  47  3:33  Overlord  
  47  3:36  Drone  
  47  3:37  Drone x2, Queen  
  47  3:39  Overlord  
  52  3:42  Overlord  
  52  3:51  Queen  
  52  3:52  Zergling x6  
  52  3:53  Zergling x2  
  58  3:56  Hatchery  
  58  3:58  Drone  
  58  3:59  Drone  
  59  4:04  Drone x2  
  59  4:06  Drone  
  62  4:11  Drone  
  62  4:16  Queen  
  65  4:17  Overlord  
  65  4:19  Drone  
  65  4:26  Roach Warren, Extractor  
  65  4:27  Extractor  
  65  4:28  Extractor  
  65  4:29  Drone  
  65  4:31  Drone x4  
  65  4:41  Overlord  
  65  4:42  Overlord  
  64  4:46  Queen  
  64  4:51  Queen  
  68  4:53  Drone  
  68  4:54  Overlord x3  
  69  5:07  Roach x4  
  69  5:10  Roach  
  79  5:17  Roach  
  79  5:18  Roach  
  83  5:22  Evolution Chamber  
  83  5:23  Evolution Chamber  
  83  5:24  Drone  
  83  5:25  Drone x4  
  86  5:30  Overlord  
  86  5:32  Drone x2  
  88  5:37  Ravager x6  
  88  5:38  Ravager  
  95  5:43  Zergling x2  
  95  5:44  Zergling x6  
  97  5:58  Zergling x2  
  97  5:59  Zergling x4  
  97  6:03  Zergling x2  
  97  6:11  Zergling x10  
  90  6:28  Drone x7  
  98  6:32  Drone  
  98  6:33  Drone  
  98  6:40  Drone  
  98  6:41  Drone x4  
  98  6:45  Overlord  
  103  6:49  Overlord  
  100  6:55  Lair  
  100  6:58  Drone x3  
  98  7:10  Drone x7  
  98  7:11  Drone x2  
  100  7:20  Drone x3  
  100  7:22  Drone  
  96  7:25  Spore Crawler, Extractor  
  96  7:26  Extractor  
  96  7:29  Roach x3  
  94  7:30  Roach  
  94  7:34  Roach  
  94  7:35  Roach x3  
  96  7:39  Roach x2  

Tags
 
Add a new tag
Caveats
  • Supply blocks, unpowered buildings, or Contaminate may cause inaccurate times.
  • Supply counts are checked every 10 seconds.